 Dungeon Crawl Stone Soup version 0.28-a0-1235-g7c8fac35f0 (webtiles) character file.

Game seed: 7377422571369540136

70 dolemite99 the Caller (level 4, 0/32 HPs)
             Began as a Gnoll Summoner on Dec 25, 2021.
             Was an Initiate of Yredelemnul.
             Slain by Terence (1 damage)
             ... on level 2 of the Dungeon.
             The game lasted 00:03:59 (2831 turns).

dolemite99 the Caller (Gnoll Summoner)              Turns: 2831, Time: 00:04:00

Health: 0/32       AC:  2    Str:  7    XL:     4   Next: 21%
Magic:  3/11       EV: 13    Int: 17    God:    Yredelemnul [......]
Gold:   33         SH:  0    Dex: 12    Spells: 7/13 levels left

rFire   . . .      SeeInvis .   a - +2 dagger (venom)
rCold   . . .      Faith    .   (no shield)
rNeg    . . .      Spirit   .   q - +0 robe
rPois   .          Reflect  .   (no helmet)
rElec   .          Harm     .   (no cloak)
rCorr   .          Rampage  .   (no gloves)
Will    .....                   (no boots)
Stlth   ++........              (no amulet)
HPRegen 0.10/turn               (no ring)
MPRegen 0.12/turn               (no ring)

@: no status effects
A: fangs 1, strong nose, distributed training
a: Renounce Religion, Recall Undead Harvest


You were on level 2 of the Dungeon.
You worshipped Yredelemnul.
Yredelemnul was noncommittal.
You visited 1 branch of the dungeon, and saw 2 of its levels.

You collected 33 gold pieces.

Inventory:

Hand Weapons
 a - a +2 dagger of venom (weapon)
 b - a +0 club
 c - a +0 dagger
Missiles
 d - 39 poisoned darts
 g - 15 bolts
 l - 21 sling bullets
 m - 6 boomerangs
 n - 27 stones
Armour
 q - a +0 robe (worn)
Scrolls
 f - a scroll of immolation {unknown}
 h - a scroll of fear {unknown}
 k - a scroll of teleportation {unknown}
 o - a scroll of magic mapping {unknown}
Potions
 e - 2 potions of attraction {unknown}
 i - a potion of heal wounds {unknown}
 j - a potion of degeneration {unknown}
 p - a potion of curing {unknown}


   Skills:
 + Level 1.0 Fighting
 + Level 1.0 Short Blades
 + Level 1.0 Long Blades
 + Level 1.0 Axes
 + Level 1.0 Maces & Flails
 + Level 1.0 Polearms
 + Level 1.0 Staves
 + Level 1.0 Slings
 + Level 1.0 Bows
 + Level 1.0 Crossbows
 + Level 1.0 Throwing
 + Level 1.0 Armour
 + Level 4.6 Dodging
 + Level 4.2 Stealth
 + Level 1.0 Shields
 + Level 1.0 Unarmed Combat
 + Level 5.0 Spellcasting
 + Level 0.8 Conjurations
 + Level 0.8 Hexes
 + Level 7.1 Summonings
 + Level 0.8 Necromancy
 + Level 0.8 Translocations
 + Level 0.8 Transmutations
 + Level 0.8 Fire Magic
 + Level 0.8 Ice Magic
 + Level 0.8 Air Magic
 + Level 0.8 Earth Magic
 + Level 0.8 Poison Magic
 + Level 1.1 Invocations
 + Level 1.0 Evocations


You had 7 spell levels left.
You knew the following spells:

 Your Spells              Type           Power      Damage    Failure   Level
a - Summon Small Mammal   Summ           100%       N/A       1%          1
b - Call Imp              Summ           28%        N/A       1%          2
c - Call Canine Familiar  Summ           28%        N/A       2%          3

Your spell library contained the following spells:

 Spells                   Type           Power      Damage    Failure   Level
 Summon Guardian Golem    Hex/Summ       17%        N/A       9%          3
 Beastly Appendage        Tmut           14%        N/A       10%         1
 Wereblood                Tmut           7%         N/A       16%         2
 Summon Lightning Spire   Summ/Air       17%        N/A       26%         4
 Spider Form              Tmut/Pois      7%         N/A       30%         3


Dungeon Overview and Level Annotations

Branches:
Dungeon (2/15)

Altars:
Makhleb
Yredelemnul

Shops:
D:1 (

Annotations:
D:2 Terence


Innate Abilities, Weirdness & Mutations

You have very sharp teeth.
Your uncanny sense of smell can sniff out nearby items.
Your experience applies equally to all skills.


Message History

Terence shouts!
Found a stone staircase leading up.
The kobold shouts!
The bat hits you but does no damage.
You closely miss the bat. The bat hits you but does no damage.
Terence closely misses you.
Casting: Call Imp (safe; 1% risk of failure)
Confirm with . or Enter, or press ? or * to list all spells.
A beastly little devil appears in a puff of frigid air.
The bat barely misses you. Terence closely misses you. The bat misses you.
Terence hits you with a +1 vorpal mace.
Casting: Call Imp (safe; 1% risk of failure)
Confirm with . or Enter, or press ? or * to list all spells.
A beastly little devil appears in a puff of flame.
Your white imp disappears in a puff of smoke!
The bat hits you but does no damage. The kobold misses you.
Terence hits you with a +1 vorpal mace.
Your crimson imp blinks!
Casting: Call Imp (safe; 1% risk of failure)
Confirm with . or Enter, or press ? or * to list all spells.
A beastly little devil appears in a puff of frigid air.
Your crimson imp disappears in a puff of smoke!
The bat hits your white imp. The kobold completely misses you.
Terence hits you with a +1 vorpal mace.
The bat hits your white imp but does no damage.
The bat hits your white imp but does no damage. x2
The kobold barely misses you. Terence hits you with a +1 vorpal mace.
* * * LOW HITPOINT WARNING * * *
Your white imp misses the bat.
The bat hits your white imp but does no damage.
Casting: Call Imp (safe; 1% risk of failure)
Confirm with . or Enter, or press ? or * to list all spells.
The bat completely misses your white imp.
The bat misses your white imp.
The kobold hits you with a +0 short sword.
* * * LOW HITPOINT WARNING * * *
Terence hits you with a +1 vorpal mace.
* * * LOW HITPOINT WARNING * * *
You die...
Your body rises from the dead as a mindless zombie.

##.....##
#.......#
#.......##.#####
#.......##......
#.......######## #
#.......## #
#.###........# #
#.#.Kb######.# #
#.h@@5.......#
####
###.#.#...#..#
#..Z #.#.#...#..#
#... #.#.#......#
#...
#.#.#.###.#####...
#.#.#.###...)...Z.
#.......#..####...
#.......#..# #...
#..........# #...


You could see Terence (ally target), a bat (ally target), a kobold, a friendly
hound (summoned) and a friendly white imp (summoned).

Vanquished Creatures
  A bat (D:1)
  2 frilled lizards
  A goblin (D:1)
  A rat (D:1)
5 creatures vanquished.

Vanquished Creatures (collateral kills)
  Jessica (D:2)
  An adder (D:2)
  An orc (D:2)
  2 ball pythons
  3 endoplasms (D:1)
  2 giant cockroaches (D:1)
  2 goblins (D:1)
  4 hobgoblins
  2 jackals (D:1)
  3 kobolds (D:2)
  A quokka (D:1)
  4 bats
  A frilled lizard (D:1)
  A rat (D:1)
28 creatures vanquished.

Vanquished Creatures (others)
  A kobold zombie (D:2)
1 creature vanquished.

Grand Total: 34 creatures vanquished

Notes
Turn   | Place    | Note
-------+----------+-------------------------------------------
     0 | D:1      | dolemite99 the Gnoll Summoner began the quest for the Orb.
     0 | D:1      | Reached XP level 1. HP: 13/13 MP: 6/6
    67 | D:1      | Found Eric Zadd's Weapon Shoppe.
   346 | D:1      | Reached XP level 2. HP: 17/19 MP: 7/7
  1291 | D:1      | Learned a level 2 spell: Call Imp
  2071 | D:1      | Reached XP level 3. HP: 23/25 MP: 9/9
  2121 | D:1      | Found a faded altar of an unknown god.
  2126 | D:1      | Prayed at the altar of an unknown god.
  2126 | D:1      | Became a worshipper of Yredelemnul the Dark
  2326 | D:2      | Reached skill level 5 in Spellcasting
  2441 | D:2      | Learned a level 3 spell: Call Canine Familiar
  2446 | D:2      | Found a burning altar of Makhleb.
  2537 | D:2      | Noticed Jessica
  2541 | D:2      | Reached skill level 1 in Invocations
  2543 | D:2      | Killed Jessica
  2544 | D:2      | Reached * piety under Yredelemnul
  2544 | D:2      | Reached skill level 1 in Fighting
  2544 | D:2      | Reached skill level 1 in Short Blades
  2544 | D:2      | Reached skill level 1 in Long Blades
  2544 | D:2      | Reached skill level 1 in Axes
  2544 | D:2      | Reached skill level 1 in Maces & Flails
  2544 | D:2      | Reached skill level 1 in Polearms
  2544 | D:2      | Reached skill level 1 in Staves
  2544 | D:2      | Reached skill level 1 in Slings
  2544 | D:2      | Reached skill level 1 in Bows
  2544 | D:2      | Reached skill level 1 in Crossbows
  2544 | D:2      | Reached skill level 1 in Throwing
  2544 | D:2      | Reached skill level 1 in Armour
  2544 | D:2      | Reached skill level 1 in Shields
  2544 | D:2      | Reached skill level 1 in Unarmed Combat
  2544 | D:2      | Reached skill level 1 in Evocations
  2544 | D:2      | Reached XP level 4. HP: 7/32 MP: 6/11
  2820 | D:2      | Noticed Terence
  2831 | D:2      | HP: 1/32 [Terence (3)]
  2831 | D:2      | Slain by Terence

Illustrated notes

Levels and vault maps discovered:
D:1:      minmay_arrival_hallway, layout_basic, serial_shops,
          nicolae_shop_bloodbath_and_beyond, shapermc_ecumenical_altar_acropolis
D:2:      layout_basic, basic_altar, uniq_terence, uniq_jessica

Skill      XL: |  1  2  3 |
---------------+----------+-----
Spellcasting   | 5 |  5.0
Invocations    | 1 |  1.1
Fighting       | 1 |  1.0
Short Blades   | 1 |  1.0
Long Blades    | 1 |  1.0
Axes           | 1 |  1.0
Maces & Flails | 1 |  1.0
Polearms       | 1 |  1.0
Staves         | 1 |  1.0
Slings         | 1 |  1.0
Bows           | 1 |  1.0
Crossbows      | 1 |  1.0
Throwing       | 1 |  1.0
Armour         | 1 |  1.0
Shields        | 1 |  1.0
Unarmed Combat | 1 |  1.0
Evocations     | 1 |  1.0
Dodging        | |  4.6
Stealth        | |  4.2
Conjurations   | |  0.8
Hexes          | |  0.8
Summonings     | |  7.1
Necromancy     | |  0.8
Translocations | |  0.8
Transmutations | |  0.8
Fire Magic     | |  0.8
Ice Magic      | |  0.8
Air Magic      | |  0.8
Earth Magic    | |  0.8
Poison Magic   | |  0.8

Action                   |  1- 3 |  4- 6 || total
-------------------------+-------+-------++-------
Melee: Dagger            |    40 |     1 ||    41
       Unarmed           |     1 |       ||     1
       Bite              |     3 |       ||     3
 Cast: Summon Small Mamm |    20 |       ||    20
       Call Imp          |    11 |     3 ||    14
       Call Canine Famil |     1 |     1 ||     2
Armor: Robe              |    14 |     3 ||    17
Dodge: Dodged            |    54 |     7 ||    61

Table legend: (Time is in decaauts)
 A = Elapsed time spent in this place.
 B = Non-inter-level travel time spent in this place.
 C = Inter-level travel time spent in this place.
 D = Time resting spent in this place.
 E = Time spent auto-exploring this place.
 F = Levels seen in this place.
 G = Mean time per level.
                   A        B        C        D        E       F      G
               +--------+--------+--------+--------+--------+-----+--------+
         Total |   2829 |   2787 |     42 |   1365 |    955 |   2 | 1414.5 |
       Dungeon |   2829 |   2787 |     42 |   1365 |    955 |   2 | 1414.5 |
               +--------+--------+--------+--------+--------+-----+--------+

Top non-repeatable levels by time:
     D:1: 2319 daAuts
     D:2: 510 daAuts
